 Dungeon Crawl Stone Soup version 0.31-a0-662-g684573625c (webtiles) character file.

Game seed: 16105092175300262544

44 cforsyth the Trooper (level 3, -2/30 HPs)
             Began as a Djinni Cinder Acolyte on Sept 1, 2023.
             Was a High Priest of Ignis.
             Slain by an orc
             ... wielding a +0 flail
              (8 damage)
             ... on level 3 of the Dungeon.
             The game lasted 00:02:16 (1569 turns).

cforsyth the Trooper (Djinni Cinder Acolyte)        Turns: 1569, Time: 00:02:16

Health: -2/30      AC:  2    Str: 13    XL:     3   Next: 85%
Gold:   155        EV: 11    Int: 17    God:    Ignis [*****.] SH:  0 Dex:  8

rFire   + + +        a - -1 falchion (flame)
rCold   x . .        (no shield)
rNeg    . . .        b - +0 robe
rPois   ∞            (no helmet)
rElec   .            (no cloak)
rCorr   .            (no gloves)
SInv    .            (boots unavailable)
Will    .....        (no amulet)
Stlth   +            j - ring of protection from fire
HPRegen 0.25/turn    (no ring)
MPRegen 0.00/turn

%: infuse magic (-3 HP)
@: flying
A: sickness immunity, fire resistance 2, cold vulnerability 1, float, innate
caster, HP casting, extra vitality 1
a: Renounce Religion, Fiery Armour, Foxfire Swarm, Rising Flame


You were on level 3 of the Dungeon.
You worshipped Ignis.
Ignis was extremely pleased with you.
You visited 1 branch of the dungeon, and saw 3 of its levels.

You collected 155 gold pieces.

Inventory:

Hand Weapons
 a - a -1 falchion of flaming (weapon)
Armour
 b - a +0 robe (worn)
Jewellery
 j - a ring of protection from fire (left hand)
Scrolls
 f - a scroll of amnesia {unknown}
 g - a scroll of torment {unknown}
Potions
 c - a potion of mutation {unknown}
 d - 2 potions of brilliance {unknown}
 e - 3 potions of curing {unknown}
 h - a potion of heal wounds {unknown}
 i - 2 potions of magic {unknown}


   Skills:
 + Level 3.5 Fighting
 + Level 3.2 Long Blades
 + Level 2.6 Spellcasting
 + Level 2.6 Conjurations
 + Level 2.6 Hexes
 + Level 2.6 Summonings
 + Level 2.6 Necromancy
 + Level 2.6 Translocations
 + Level 2.6 Transmutations
 + Level 2.6 Fire Magic
 + Level 2.6 Ice Magic
 + Level 2.6 Air Magic
 + Level 2.6 Earth Magic
 + Level 2.6 Poison Magic


You knew the following spells:

 Your Spells              Type           Power      Damage    Failure   Level
a - Scorch                Fire           22%        2d5       9%          2
b - Kiss of Death         Conj/Necr      44%        2d8       6%          1
Your spell library was empty.

Dungeon Overview and Level Annotations

Branches:
Dungeon (3/15)

Altars:


Innate Abilities, Weirdness & Mutations

You are immune to sickness and miasma.
You are immune to poison.
Your flesh is very heat resistant. (rF++)
You are vulnerable to cold. (rC-)
You float through the air rather than walking.
You learn spells naturally, not from books.
Your magical power is your life essence.
You have superior vitality. (+4 MHP)


Message History

You escape the ball python's grasp.
The orc attacks as it pursues you! The orc closely misses you.
The ball python attacks as it pursues you!
The ball python bites you but does no damage.
The ball python grabs you. The ball python constricts you.
The orc attacks as it pursues you!
The orc hits you from afar with a +0 trident.
You escape the ball python's grasp.
The orc attacks as it pursues you! The orc barely misses you.
The orc attacks as it pursues you!
The orc hits you from afar with a +0 trident.
The ball python attacks as it pursues you!
The ball python closely misses you. x2; The orc closely misses you.
The orc hits you but does no damage.
There is an open door here.
The ball python attacks as it pursues you!
The ball python bites you but does no damage.
The ball python misses you.
You hit the ball python. You burn the ball python.
You kill the ball python!
You barely miss the orc. The orc hits you with a +0 whip.
The orc barely misses you. The orc misses you.
There is an open door here.
The orc attacks as it pursues you! The orc hits you with a +0 whip.
The orc barely misses you.
The orc hits you from afar with a +0 trident.
The orc hits you with a +0 flail. The orc attacks as it pursues you!
The orc closely misses you. The orc attacks as it pursues you!
The orc hits you with a +0 flail! The orc attacks as it pursues you!
The orc hits you from afar with a +0 trident.
The orc attacks as it pursues you! The orc hits you with a +0 flail.
* * * LOW HITPOINT WARNING * * *
The orc attacks as it pursues you! The orc hits you but does no damage.
The orc attacks as it pursues you!
The orc hits you from afar with a +0 trident.
* * * LOW HITPOINT WARNING * * *
The orc attacks as it pursues you! The orc closely misses you.
The orc attacks as it pursues you! The orc hits you with a +0 flail!
You die...

....... #..........##.##.
####### #.................
#####'#####....#####.#
######......# #....# #
...........o####....#
#............o...######
#................#
#...........oo...+
#............@...#
###................#
...................#
#................#
########....###..#.##
.................#.########.
######...........#..........
#.######....#..######## #.#
#....#..#


You could see 4 orcs.

Vanquished Creatures
  An adder (D:2)
  A worm (D:3)
  4 ball pythons
  An endoplasm (D:1)
  3 giant cockroaches
  5 goblins
  2 hobgoblins (D:2)
  2 quokkas
  3 bats
  5 frilled lizards (D:1)
  4 kobolds
  2 rats
33 creatures vanquished.

Notes
Turn   | Place    | Note
-------+----------+-------------------------------------------
     0 | D:1      | cforsyth the Djinni Cinder Acolyte began the quest for the
                  | Orb.
     0 | D:1      | cforsyth set off with the following spells memorised:
                  | Scorch.
     0 | D:1      | Reached XP level 1. HP: 20/20 MP: 0/0
    29 | D:1      | Found a faded altar of an unknown god.
   115 | D:1      | Reached XP level 2. HP: 21/25 MP: 0/0
   328 | D:1      | You are sucked into a shaft and drop 1 floor!
   843 | D:2      | Reached XP level 3. HP: 30/30 MP: 0/0
   843 | D:2      | Learned a level 1 spell: Kiss of Death
  1569 | D:3      | Slain by an orc

Illustrated notes

Levels and vault maps discovered:
D:1:      minmay_arrival_cross, layout_basic, shapermc_ecumenical_altar_pompeii
D:2:      layout_basic
D:3:      layout_basic, uniq_jessica

Skill      XL: |  1  2 |
---------------+-------+-----
Long Blades    | 3 |  3.2
Fighting       | |  3.5
Spellcasting   | |  2.6
Conjurations   | |  2.6
Hexes          | |  2.6
Summonings     | |  2.6
Necromancy     | |  2.6
Translocations | |  2.6
Transmutations | |  2.6
Fire Magic     | |  2.6
Ice Magic      | |  2.6
Air Magic      | |  2.6
Earth Magic    | |  2.6
Poison Magic   | |  2.6

Action                     || total
---------------------------++-------
  Melee: Falchion          ||   104
   Stab: Sleeping          ||     1
 Armour: Robe              ||    62
  Dodge: Dodged            ||    76

Table legend: (Time is in decaauts)
 A = Elapsed time spent in this place.
 B = Non-inter-level travel time spent in this place.
 C = Inter-level travel time spent in this place.
 D = Time resting spent in this place.
 E = Time spent auto-exploring this place.
 F = Levels seen in this place.
 G = Mean time per level.
                   A        B        C        D        E       F      G
               +--------+--------+--------+--------+--------+-----+--------+
         Total |   1582 |   1535 |     47 |      0 |   1275 |   3 |  527.3 |
       Dungeon |   1582 |   1535 |     47 |      0 |   1275 |   3 |  527.3 |
               +--------+--------+--------+--------+--------+-----+--------+

Top non-repeatable levels by time:
     D:1: 750 daAuts
     D:2: 675 daAuts
     D:3: 156 daAuts
